 Dungeon Crawl Stone Soup version 0.19.1-1-g22dce08 (webtiles) character file.

77128 Peloso the Peltast (level 15, 0/137 HPs)
             Began as a Minotaur Fighter on Jan 16, 2017.
             Was the Champion of Okawaru.
             Killed by divine providence
             ... invoked by an orc priest
              (15 damage)
             ... on level 2 of the Orcish Mines.
             The game lasted 01:20:38 (21403 turns).

Peloso the Peltast (Minotaur Fighter)              Turns: 21403, Time: 01:20:39

Health: 0/137      AC: 24    Str: 27      XL:     15   Next: 14%
Magic:  16/16      EV: 11    Int:  4 (5)  God:    Okawaru [******]
Gold:   2314       SH: 24    Dex: 15      Spells: 0 memorised, 14 levels left

rFire  . . .     SeeInvis .     I - +3 scimitar (flame)
rCold  + . .     Gourm    .     O - +4 chain mail {rC+}
rNeg   . . .     Faith    .     a - +2 large shield
rPois  +         Spirit   .     (helmet restricted)
rElec  .         Reflect  .     d - +0 cloak
rCorr  .         Harm     .     l - +2 pair of gloves {Str+3}
MR     ++...                    h - +1 pair of boots
Stlth  ..........               q - amulet of regeneration
                                D - ring of Qauleteg {rPois Dex+2}
                                r - ring of protection from magic

@: drained
A: retaliatory headbutt, horns 2
a: Heroism, Finesse, Renounce Religion


You were on level 2 of the Orcish Mines.
You worshipped Okawaru.
Okawaru was exalted by your worship.
You were hungry.

You visited 3 branches of the dungeon, and saw 21 of its levels.
You also visited: Sewer.

You collected 2597 gold pieces.
You spent 283 gold pieces at shops.

Inventory:

Hand Weapons
 B - a +3 long sword of protection
 I - a +3 scimitar of flaming (weapon)
Armour
 a - a +2 large shield (worn)
 c - a +0 shield
 d - a +0 cloak (worn)
 h - a +1 pair of boots (worn)
 l - a +2 pair of gloves of strength (worn)
 A - a +1 pair of gloves of archery
 O - a +4 chain mail of cold resistance (worn)
Jewellery
 b - an uncursed ring of protection from fire
 q - an amulet of regeneration (around neck)
 r - a ring of protection from magic (left hand)
 u - an uncursed ring of wizardry {unknown}
 w - a +3 ring of protection
 C - an uncursed ring of resist corrosion
 D - the ring of Qauleteg (right hand) {rPois Dex+2}
   (You found it on level 6 of the Dungeon)

   [ring of poison resistance]

   It affects your dexterity (+2).
   It protects you from poison.
 S - an uncursed ring of see invisible
Wands
 s - a wand of slowing (27/48)
 U - a wand of iceblast (15/15)
Scrolls
 e - 7 scrolls of remove curse
 k - 4 scrolls of fog
 m - 2 scrolls of recharging
 o - 5 scrolls of teleportation
 y - a scroll of magic mapping
 E - a scroll of enchant weapon
 W - 2 scrolls of fear
 X - 2 scrolls of blinking
Potions
 n - 12 potions of curing
 p - 3 potions of heal wounds
 t - 4 potions of flight
 v - a potion of berserk rage {unknown}
 z - 3 potions of invisibility
 Q - a potion of agility
Comestibles
 f - 13 bread rations
 g - 11 fruits
 i - 9 meat rations
 j - 2 slices of pizza
 x - 2 chunks of flesh
 K - 3 beef jerkies


   Skills:
 + Level 13.8(13.4) Fighting
 + Level 16.4(16.0) Long Blades
 + Level 13.8(13.4) Armour
 + Level 6.9(6.6) Dodging
 + Level 2.2(2.0) Stealth
 + Level 17.0(16.6) Shields
 + Level 2.8(2.5) Invocations
 + Level 0.8(0.5) Evocations


You had 14 spell levels left.
You didn't know any spells.

Dungeon Overview and Level Annotations

Branches:
Dungeon (13/15)            Temple (0/1) D:6            Lair (6/6) D:10
  Swamp (0/4) Lair:2       Spider (0/4) Lair:4        Slime (0/5) Lair:5
    Orc (2/2) D:10            Elf (0/3) Orc:2        Vaults (0/5) D:13

Altars:
Ashenzari
Elyvilon
Fedhas
Kikubaaqudgha
Makhleb
Nemelex Xobeh
Okawaru
Trog
Xom
Yredelemnul
Zin

Shops:
D:4 %   D:5 %   D:7 (   D:10 [(   D:11 [[


Innate Abilities, Weirdness & Mutations

You reflexively headbutt those who attack you in melee.
You have a pair of horns on your head.


Message History

Things that are here:
a flail; a leather armour The soul eater draws from the surrounding life force!
The soul eater draws from the surrounding life force!
* * * LOW HITPOINT WARNING * * *
The orc priest begins to cast a cantrip, but forgets the words!
The soul eater draws from the surrounding life force!
* * * LOW HITPOINT WARNING * * *
The soul eater draws from the surrounding life force!
* * * LOW HITPOINT WARNING * * *
The orc priest shouts!
The soul eater draws from the surrounding life force!
* * * LOW HITPOINT WARNING * * *
You feel much better.
The orc high priest invokes the aid of Beogh against you.
Beogh smites you!
* * * LOW HITPOINT WARNING * * *
The orc priest calls down the wrath of Beogh upon you.
Beogh smites you!
You die... ooo.#

#..........##...#
....#
#.oo............#
.o..#
#..o...........##
....#
#.3............##
....#
#...............#
.......
#..3............#
........
#...............#
.........
#.)............##
....###..
#(.@)..........#
....# ..
#..))[.........#
#..<[.........##
#.............##
#..o..#[.>.....##
#....[.#.).....<#
#....)..#.)....##
#.........)....#
#...........#..##


You could see a soul eater, 2 orc high priests, a sun demon, an orc warrior and
an orc priest.

Vanquished Creatures
  Rupert (Orc:1)
  The ghost of Angani the Tortoise, an adept MiMo of Ashenzari (Lair:4)
  Frances (D:12)
  A stone giant (Orc:2)
  The ghost of Camlann the Brawler, a journeyman TrFi of Okawaru (Orc:2)
  Snorg (Orc:1)
  Erolcha (D:11)
  4 vault guards (D:13)
  Erica (D:9)
  6 hydras
  2 centaur warriors (D:13)
  3 death knights (D:13)
  A death yak (Lair:3)
  Urug (D:10)
  Sonja (D:12)
  An orc high priest (Orc:2)
  A skeletal warrior (D:13)
  An unseen horror (D:11)
  A hill giant (D:13)
  2 orc knights
  A manticore (D:10)
  A deep elf mage (D:13)
  3 orc sorcerers (Orc:2)
  An ugly thing (D:11)
  4 oklob plants (Lair:3)
  5 elephants
  3 black mambas
  3 torpor snails
  26 spiny frogs
  12 komodo dragons
  A rime drake (Lair:5)
  6 trolls
  A tormentor (D:13)
  3 polar bears
  A jumping spider (Lair:4)
  Grinder (D:5)
  4 tyrant leeches (Lair:6)
  3 two-headed ogres
  12 blink frogs
  12 hippogriffs
  Prince Ribbit (D:9)
  A spriggan (D:7)
  A vampire (D:10)
  2 wraiths (D:13)
  3 wyverns
  48 yaks
  A hungry ghost (D:12)
  4 basilisks
  Grum (D:11)
  8 vampire mosquitoes
  A steam dragon (D:12)
  Edmund (D:5)
  2 wargs
  14 water moccasins
  2 soldier ants
  34 orc warriors
  10 porcupines
  5 sky beasts
  A black bear (D:6)
  2 hornet zombies
  An ice beast (D:10)
  Purgy (Sewer)
  An eye of draining (D:12)
  9 ogres
  2 phantoms
  11 wolves
  4 centaurs
  7 crocodiles
  Blork the orc (D:4)
  3 big kobolds
  26 bullfrogs
  3 scorpions
  8 killer bees (D:7)
  3 electric eels
  8 wights
  6 howler monkeys
  6 crimson imps
  2 centaur zombies
  3 bullfrog zombies
  A gnoll shaman (D:4)
  10 hounds
  4 bullfrog skeletons
  3 centaur skeletons
  A quasit (D:8)
  8 jellies
  23 orc priests
  9 iguanas
  37 orc wizards
  7 hell rats (Lair:5)
  10 worker ants
  A bullfrog simulacrum (D:10)
  2 hound skeletons
  A worker ant zombie (D:5)
  4 gnolls (D:4)
  9 river rats
  7 adders
  2 shadow imps
  A worker ant simulacrum (D:10)
  4 oozes
  An adder skeleton (D:4)
  5 worms
  3 dart slugs
  4 leopard geckos
  107 orcs
  13 giant cockroaches
  4 goblins
  4 hobgoblins
  10 jackals
  5 quokkas
  4 ball pythons
  A ball python zombie (D:5)
  19 bats
  9 frilled lizards
  15 kobolds
  A quokka skeleton (D:4)
  39 rats
  A fungus (Lair:2)
  5 plants
776 creatures vanquished.

Vanquished Creatures (others)
  14 fungi
  21 plants
35 creatures vanquished.

Grand Total: 811 creatures vanquished

Notes
Turn   | Place    | Note
-------+----------+-------------------------------------------
     0 | D:1      | Peloso the Minotaur Fighter began the quest for the Orb.
     0 | D:1      | Reached XP level 1. HP: 19/19 MP: 0/0
   289 | D:1      | Reached XP level 2. HP: 27/27 MP: 1/1
   885 | D:2      | Found an iron altar of Okawaru.
   901 | D:2      | Became a worshipper of Warmaster Okawaru
   941 | D:2      | Reached XP level 3. HP: 30/33 MP: 2/2
   971 | D:2      | Reached skill level 4 in Shields
  1240 | D:3      | Found a faded altar of an unknown god.
  1244 | D:3      | Found a bloodstained altar of Trog.
  1319 | D:3      | Reached XP level 4. HP: 40/40 MP: 3/3
  2395 | D:4      | Reached * piety under Okawaru
  2432 | D:4      | Reached XP level 5. HP: 46/46 MP: 4/4
  2472 | D:4      | Reached skill level 5 in Armour
  2675 | D:4      | Reached skill level 5 in Long Blades
  2675 | D:4      | Reached XP level 6. HP: 51/53 MP: 5/5
  2864 | D:4      | Found a white marble altar of Elyvilon.
  2889 | D:4      | Reached skill level 1 in Dodging
  2951 | D:4      | Found Dufi's Food Shop.
  2980 | D:4      | Reached skill level 5 in Shields
  3030 | D:4      | Reached ** piety under Okawaru
  3092 | D:4      | Noticed Blork the orc
  3110 | D:4      | Killed Blork the orc
  3110 | D:4      | Reached skill level 5 in Fighting
  3110 | D:4      | Reached XP level 7. HP: 39/61 MP: 6/6
  3239 | D:5      | Entered Level 5 of the Dungeon
  3254 | D:5      | Found Ehitwole's Food Shop.
  3369 | D:5      | Noticed Grinder
  3395 | D:5      | Killed Grinder
  3555 | D:5      | Reached XP level 8. HP: 56/69 MP: 7/7
  3576 | D:5      | Noticed Edmund
  3617 | D:5      | Killed Edmund
  3617 | D:5      | Reached skill level 1 in Stealth
  3632 | D:5      | Reached skill level 6 in Shields
  3679 | D:5      | Found a shimmering altar of Xom.
  3788 | D:5      | Reached *** piety under Okawaru
  3798 | D:5      | Found a glowing drain.
  3809 | Sewer    | Entered a sewer
  3900 | Sewer    | Noticed Purgy
  3914 | Sewer    | Killed Purgy
  4113 | D:6      | Found a staircase to the Ecumenical Temple.
  4164 | D:6      | Got a heavily runed steel ring
  4166 | D:6      | Identified the ring of Qauleteg {rPois Dex+2} (You found it on level 6 of the Dungeon)
  4314 | D:6      | Found a sparkling altar of Nemelex Xobeh.
  4354 | D:6      | Found a shattered altar of Ashenzari.
  4703 | D:7      | Found a runed door.
  4742 | D:7      | Reached skill level 7 in Shields
  4779 | D:7      | Reached XP level 9. HP: 75/75 MP: 8/8
  4806 | D:7      | Found a runed door.
  4864 | D:7      | Reached **** piety under Okawaru
  5195 | D:7      | Found Linn's Antique Weapon Shoppe.
  5283 | D:7      | Found a burning altar of Makhleb.
  5286 | D:7      | Found a glowing silver altar of Zin.
  5286 | D:7      | Noticed an angel
  5287 | D:7      | Noticed an Executioner
  5775 | D:8      | Reached skill level 10 in Long Blades
  5789 | D:8      | Reached skill level 8 in Shields
  6255 | D:8      | Found an ancient bone altar of Kikubaaqudgha.
  6255 | D:8      | Found a basalt altar of Yredelemnul.
  6368 | D:9      | Noticed Prince Ribbit
  6391 | D:9      | Killed Prince Ribbit
  6491 | D:9      | Reached XP level 10. HP: 74/84 MP: 6/9
  6628 | D:9      | Noticed Erica
  6676 | D:9      | Killed Erica
  6676 | D:9      | Reached ***** piety under Okawaru
  6935 | D:9      | Found a bloodstained altar of Trog.
  6942 | D:9      | Reached skill level 9 in Shields
  7192 | D:10     | Entered Level 10 of the Dungeon
  7406 | D:10     | Reached skill level 1 in Invocations
  7449 | D:10     | Noticed a manticore
  7455 | D:10     | Killed a manticore
  7513 | D:10     | Received a gift from Okawaru
  7718 | D:10     | Noticed Urug
  7745 | D:10     | Killed Urug
  7745 | D:10     | Reached skill level 10 in Armour
  7745 | D:10     | Reached skill level 10 in Shields
  7943 | D:10     | Reached XP level 11. HP: 90/94 MP: 11/11
  7944 | D:10     | Found Pasomperph's Weapon Emporium.
  7946 | D:10     | Found a staircase to the Orcish Mines.
  7976 | D:10     | Found Xerecin's Armour Emporium.
  8076 | D:10     | Found a blossoming altar of Fedhas.
  8328 | D:10     | Found a staircase to the Lair.
  8696 | D:11     | Noticed a cyan ugly thing
  8711 | D:11     | Killed a cyan ugly thing
  9029 | D:11     | Found Gaeneps's Antique Armour Shoppe.
  9076 | D:11     | Noticed Grum
  9115 | D:10     | Reached skill level 11 in Shields
  9210 | D:10     | Received a gift from Okawaru
  9228 | D:11     | Killed Grum
  9601 | D:11     | Killed an unseen horror
  9659 | D:11     | Found Amairet's Antique Armour Shoppe.
  9664 | D:11     | Bought a pair of embroidered gloves for 283 gold pieces
  9777 | D:11     | Received a gift from Okawaru
 10290 | Lair:1   | Entered Level 1 of the Lair of Beasts
 10924 | Lair:1   | Reached XP level 12. HP: 105/105 MP: 12/12
 11262 | Lair:2   | Reached skill level 12 in Shields
 11333 | Lair:2   | Reached ****** piety under Okawaru
 11400 | Lair:2   | Received a gift from Okawaru
 11411 | Lair:2   | Reached skill level 10 in Fighting
 11488 | Lair:2   | Found a staircase to the Swamp.
 12228 | Lair:3   | Reached skill level 5 in Dodging
 12628 | Lair:3   | Reached skill level 13 in Shields
 12737 | Lair:3   | Noticed a death yak
 12746 | Lair:3   | Killed a death yak
 13202 | Lair:4   | Noticed Angani's ghost (adept MiMo)
 13300 | Lair:4   | Killed Angani's ghost
 13300 | Lair:4   | Received a gift from Okawaru
 13300 | Lair:4   | Reached XP level 13. HP: 50/115 MP: 7/13
 13480 | Lair:4   | Found a hole to the Spider Nest.
 14715 | Lair:5   | Found a staircase to the Slime Pits.
 14734 | Lair:5   | Reached skill level 15 in Long Blades
 14963 | Lair:5   | Received a gift from Okawaru
 15218 | Lair:5   | You fall through a shaft!
 15218 | Lair:6   | Entered Level 6 of the Lair of Beasts
 15290 | Lair:6   | Reached skill level 14 in Shields
 15415 | Lair:6   | Received a gift from Okawaru
 15726 | Lair:6   | Reached XP level 14. HP: 72/127 MP: 14/14
 15899 | Lair:6   | Reached skill level 15 in Shields
 16661 | D:12     | Noticed Sonja
 16661 | D:12     | Noticed Erolcha
 16682 | D:11     | Killed Erolcha
 16751 | D:12     | Killed Sonja
 17156 | D:12     | Noticed Frances
 17185 | D:12     | Killed Frances
 17185 | D:12     | Received a gift from Okawaru
 18829 | D:13     | Received a gift from Okawaru
 18829 | D:13     | Reached skill level 16 in Shields
 18885 | D:13     | Found a gate to the Vaults.
 19255 | Orc:1    | Entered Level 1 of the Orcish Mines
 19410 | Orc:1    | Noticed Snorg
 19441 | Orc:1    | Killed Snorg
 19758 | Orc:2    | Entered Level 2 of the Orcish Mines
 19758 | Orc:2    | Found a staircase to the Elven Halls.
 19759 | Orc:2    | Noticed Rupert
 19833 | Orc:1    | Killed Rupert
 20171 | Orc:2    | Noticed Camlann's ghost (journeyman TrFi)
 20188 | Orc:2    | Killed Camlann's ghost
 20410 | Orc:2    | Noticed a stone giant
 20423 | Orc:2    | Killed a stone giant
 20423 | Orc:2    | Reached XP level 15. HP: 134/137 MP: 16/16
 21182 | Orc:2    | Noticed an orc warlord
 21373 | Orc:2    | Reached skill level 17 in Shields
 21403 | Orc:2    | Killed from afar by an orc priest

Skill      XL: |  1  2  3  4  5  6  7  8  9 10 11 12 13 14 15 |
---------------+----------------------------------------------+-----
Armour         | 4 5 6 7 9 10 12 13 | 13.8
Shields        | 4 5 7 8 10 11 13 14 16 17 | 17.0
Fighting       | 4 5 6 8 9 10 12 13 | 13.8
Long Blades    | 3 4 5 7 9 10 12 13 14 15 16 | 16.4
Dodging        | 1 2 3 4 5 6 |  6.9
Stealth        | 1 2 |  2.2
Invocations    | 1 2 |  2.8
Evocations     | |  0.8

Action                   |  1- 3 |  4- 6 |  7- 9 | 10-12 | 13-15 || total
-------------------------+-------+-------+-------+-------+-------++-------
Melee: Long sword        |    84 |   170 |   469 |    72 |       ||   795
       Headbutt          |     9 |    32 |   107 |   268 |   354 ||   770
       Scimitar          |       |       |       |   853 |  1107 ||  1960
Invok: Heroism           |       |       |     5 |    16 |    11 ||    32
       Finesse           |       |       |       |     1 |       ||     1
Evoke: Wand              |       |       |     3 |       |       ||     3
  Use: Potion            |       |       |     1 |     3 |     4 ||     8
       Scroll            |       |       |    12 |    10 |     7 ||    29
  Eat: Chunk             |     1 |     6 |    11 |    22 |    28 ||    68
       Beef jerky        |       |       |       |     1 |       ||     1
Armor: Scale mail        |    48 |    76 |   123 |       |       ||   247
       Chain mail        |       |       |    79 |   260 |   416 ||   755
       Plate armour      |       |       |       |    81 |       ||    81
Dodge: Dodged            |    27 |    45 |   120 |   188 |   340 ||   720
Block: Shield            |    42 |    90 |   237 |   462 |   461 ||  1292
       Large shield      |       |       |       |       |   558 ||   558
       Rpst.: Long sword |     7 |    15 |    25 |       |       ||    47
       Scimitar          |       |       |       |    35 |    80 ||   115
